 Dungeon Crawl Stone Soup version 0.21-a0-426-g98080a9 (webtiles) character file.

2152 tof the Carver (level 9, 0/79 HPs)
             Began as a Minotaur Berserker on Nov 6, 2017.
             Was an Elder of Trog.
             Slain by an unseen horror (5 damage)
             ... on level 7 of the Dungeon.
             The game lasted 00:17:49 (6299 turns).

tof the Carver (Minotaur Berserker)                 Turns: 6299, Time: 00:17:50

Health: 0/79       AC: 10    Str: 22    XL:     9   Next: 10%
Magic:  8/8        EV: 14    Int:  4    God:    Trog [****..]
Gold:   292        SH:  0    Dex: 13    Spells: 8/8 levels left

rFire    + . .     SeeInvis .   a - +2 rapier (speed)
rCold    . . .     Gourm    +   (no shield)
rNeg     . . .     Faith    .   y - +0 swamp dragon scales
rPois    +         Spirit   .   (helmet restricted)
rElec    .         Reflect  .   L - +0 cloak
rCorr    .         Harm     .   (no gloves)
MR       ++...                  (no boots)
Stlth    ..........             D - amulet of the gourmand
HPRegen  1.23/turn              z - ring of loudness (curse)
MPRegen  0.11/turn              h - ring of protection from fire

@: regenerating
A: retaliatory headbutt, horns 2
a: Berserk, Trog's Hand, Brothers in Arms, Burn Spellbooks, Renounce Religion


You were on level 7 of the Dungeon.
You worshipped Trog.
Trog was greatly pleased with you.
You were completely stuffed.

You visited 1 branch of the dungeon, and saw 7 of its levels.

You collected 292 gold pieces.

Inventory:

Hand Weapons
 a - a +2 rapier of speed (weapon)
 b - a +0 blowgun
 B - a +0 falchion
Missiles
 x - 12 poisoned needles
 I - 7 needles of confusion
 M - 5 javelins (quivered)
Armour
 w - a +2 scale mail of cold resistance
 y - +0 swamp dragon scales (worn)
 L - a +0 cloak (worn)
Jewellery
 h - a ring of protection from fire (right hand)
 i - a +3 amulet of reflection
 z - a cursed ring of loudness (left hand)
 D - an amulet of the gourmand (around neck)
 K - an uncursed ring of stealth
 P - a +2 ring of dexterity {unknown}
Wands
 e - a wand of flame (32/48)
 t - a wand of scattershot (3/9)
 A - a wand of lightning (10/15)
Scrolls
 d - 3 scrolls of teleportation {unknown}
 f - 2 scrolls of fear {unknown}
 g - 5 scrolls of remove curse {unknown}
 j - 4 scrolls of identify {unknown}
 l - 2 scrolls of amnesia {unknown}
 n - a scroll of noise {unknown}
 o - a scroll of blinking {unknown}
 s - a scroll of recharging {unknown}
 u - 2 scrolls of enchant weapon {unknown}
 v - a scroll of enchant armour {unknown}
 F - 2 scrolls of immolation {unknown}
Potions
 k - a potion of mutation {unknown}
 p - 4 potions of heal wounds {unknown}
 r - a potion of agility
 G - a potion of curing
 H - 2 potions of degeneration {unknown}
 J - a potion of lignification {unknown}
 N - 2 potions of brilliance {unknown}
Books
 C - a book of Necromancy

   Spells                             Type                      Level
   a - Pain                           Necromancy                   1
   b - Animate Skeleton               Necromancy                   1
   c - Vampiric Draining              Necromancy                   3
   d - Regeneration                   Charms/Necromancy            3
   e - Animate Dead                   Necromancy                   4
   f - Control Undead                 Necromancy                   4
   Trog disapproves of the use of such an item.
 O - a book of Callings

   Spells                             Type                      Level
   a - Summon Small Mammal            Summoning                    1
   b - Call Imp                       Summoning                    2
   c - Call Canine Familiar           Summoning                    3
   d - Summon Guardian Golem          Hexes/Summoning              3
   e - Summon Lightning Spire         Summoning/Air                4
   f - Summon Ice Beast               Ice/Summoning                4
   Trog disapproves of the use of such an item.
Comestibles
 c - 4 bread rations
 m - 6 royal jellies
 q - 8 fruits
 E - 3 meat rations


   Skills:
 + Level 7.4 Fighting
 * Level 9.8 Long Blades
 + Level 6.8 Armour
 + Level 6.1 Dodging


You had 8 spell levels left.
You didn't know any spells.

Dungeon Overview and Level Annotations

Branches:
Dungeon (7/15)             Temple (0/1) D:6

Altars:
Ashenzari
Cheibriados
Okawaru
Ru
Sif Muna
Vehumet
Xom

Shops:
D:6 }


Innate Abilities, Weirdness & Mutations

You reflexively headbutt those who attack you in melee.
You have a pair of horns on your head.


Message History

Something barely misses you. Something hits you but does no damage.
Your skin crawls.
You feel resistant to hostile enchantments.
You feel somewhat less full. Trog will no longer gift you weapons.
Something hits you but does no damage. Something barely misses you.
Something hits you but does no damage. Something hits you!
* * * LOW HITPOINT WARNING * * *
Something hits you but does no damage. Something hits you.
* * * LOW HITPOINT WARNING * * *
Something hits you.
* * * LOW HITPOINT WARNING * * *
You feel the effects of Trog's Hand fading.
Something hits you but does no damage. Something hits you.
* * * LOW HITPOINT WARNING * * *
Something hits you.
You die...

.............###.##.......####...
....).....)......................
.....##...))...#.##.......####.##
#######...)....#......# #...
##### #....)(..#......########...
(...# #........#.................
....# #.......(#......#########..
(...# #.....(..#.{....###### #..
....# #)......<.@.........># ###
....# #....##.##......####.######
....# #...........#######........
.(..# #.......###.# #...........
....# #....######.# #...........
....# ##........... #...........
....####..<.......# #...........
...........#......# #...........
.##..†...#.#.####.# #...........


There were no monsters in sight!

Vanquished Creatures
  The ghost of p0werm0de the Magician, an amateur GnWz of Ashenzari (D:6)
  Eustachio (D:5)
  Menkaure (D:5)
  A water moccasin (D:5)
  An orc warrior (D:6)
  A phantom (D:6)
  A centaur (D:7)
  2 ogres (D:4)
  A big kobold (D:5)
  2 scorpions
  4 howler monkeys
  3 crimson imps
  3 bullfrog skeletons
  An orc priest (D:5)
  Ijyb (D:4)
  Terence (D:2)
  Natasha (twice) (D:2)
  5 orc wizards
  2 worker ants
  A killer bee zombie (D:7)
  2 hound zombies
  2 howler monkey zombies
  10 adders
  2 oozes
  An adder skeleton (D:6)
  3 worms
  5 leopard geckos
  26 orcs
  11 bats
  5 giant cockroaches
  17 goblins
  10 hobgoblins
  16 jackals
  5 quokkas
  3 ball pythons
  6 frilled lizards
  11 kobolds
  A quokka skeleton (D:4)
  6 rats
177 creatures vanquished.

Vanquished Creatures (others)
  An orc wizard (D:6)
  An orc (D:6)
2 creatures vanquished.

Grand Total: 179 creatures vanquished

Notes
Turn   | Place    | Note
-------+----------+-------------------------------------------
     0 | D:1      | tof the Minotaur Berserker began the quest for the Orb.
     0 | D:1      | Reached XP level 1. HP: 19/19 MP: 0/0
   245 | D:1      | Reached XP level 2. HP: 26/27 MP: 1/1
   284 | D:1      | Reached skill level 4 in Long Blades
   671 | D:1      | Reached ** piety under Trog
  1024 | D:2      | Reached XP level 3. HP: 29/33 MP: 2/2
  1449 | D:2      | Reached XP level 4. HP: 40/40 MP: 3/3
  1461 | D:2      | Noticed Terence
  1467 | D:2      | Killed Terence
  1558 | D:2      | Noticed Natasha
  1567 | D:2      | Killed Natasha
  1567 | D:2      | Reached skill level 5 in Long Blades
  1816 | D:2      | Reached XP level 5. HP: 40/47 MP: 4/4
  2049 | D:2      | Noticed Natasha
  2055 | D:2      | Killed Natasha
  2125 | D:3      | Reached *** piety under Trog
  2441 | D:3      | Found a shattered altar of Ashenzari.
  2805 | D:3      | Reached XP level 6. HP: 49/55 MP: 5/5
  3090 | D:4      | Noticed Ijyb
  3096 | D:4      | Killed Ijyb
  3096 | D:4      | Reached **** piety under Trog
  3096 | D:4      | Reached skill level 5 in Fighting
  3096 | D:4      | Reached skill level 6 in Long Blades
  3383 | D:4      | Reached XP level 7. HP: 21/61 MP: 6/6
  3692 | D:4      | Found a snail-covered altar of Cheibriados.
  3936 | D:4      | Reached skill level 7 in Long Blades
  4044 | D:5      | Entered Level 5 of the Dungeon
  4052 | D:5      | Found an iron altar of Okawaru.
  4077 | D:5      | Reached skill level 5 in Armour
  4412 | D:5      | Found a sacrificial altar of Ru.
  4570 | D:5      | Noticed Eustachio
  4573 | D:5      | Noticed Menkaure
  4586 | D:5      | Killed Eustachio
  4586 | D:5      | Reached skill level 8 in Long Blades
  4586 | D:5      | Reached XP level 8. HP: 70/70 MP: 7/7
  4590 | D:5      | Killed Menkaure
  4590 | D:5      | Reached skill level 5 in Dodging
  4883 | D:5      | Found a deep blue altar of Sif Muna.
  4955 | D:5      | Found a shimmering altar of Xom.
  5259 | D:6      | Noticed p0werm0de's ghost (amateur GnWz)
  5275 | D:6      | Killed p0werm0de's ghost
  5275 | D:6      | Reached skill level 9 in Long Blades
  5351 | D:6      | Found a radiant altar of Vehumet.
  5792 | D:6      | Found a staircase to the Ecumenical Temple.
  5928 | D:6      | Found Metick's Gadget Shop.
  6062 | D:7      | Reached XP level 9. HP: 74/79 MP: 8/8
  6070 | D:7      | Reached ***** piety under Trog
  6296 | D:7      | HP: 2/79 [something (5)]
  6299 | D:7      | Slain by an unseen horror

Vault maps used:
D:1:      minmay_arrival_stone_box
D:2:      uniq_terence, uniq_natasha
D:3:      ashenzari_conservatory_becter
D:4:      cheibriados_altar_1, minmay_ogre_servants, uniq_ijyb
D:5:      nicolae_ru_awakened_eye, kennysheep_mini_moat, lemuel_round_altar,
          okawaru_gym_becter, first_bread, uniq_eustachio, uniq_menkaure
D:6:      fiery_altar_vehumet, temple_green, serial_shops, shop
D:7:      lemuel_round_altar, uniq_pikel

Skill      XL: |  1  2  3  4  5  6  7  8 |
---------------+-------------------------+-----
Long Blades    | 4 5 6 8 9 |  9.8
Fighting       | 4 5 6 7 |  7.4
Armour         | 3 4 5 6 |  6.8
Dodging        | 3 4 6 |  6.1

Action                   |  1- 3 |  4- 6 |  7- 9 || total
-------------------------+-------+-------+-------++-------
Melee: Falchion          |   112 |   173 |    65 ||   350
       Headbutt          |    21 |    29 |    43 ||    93
       Rapier            |       |       |   135 ||   135
 Fire: Blowgun           |       |       |    10 ||    10
Throw: Javelin           |       |     1 |    11 ||    12
Invok: Berserk           |       |     1 |     4 ||     5
       Trog's Hand       |       |       |     3 ||     3
  Eat: Chunk             |     2 |     7 |    19 ||    28
       Bread ration      |       |       |     1 ||     1
Armor: Plate armour      |   104 |    36 |       ||   140
       Scale mail        |       |    20 |       ||    20
       Swamp dragon scal |       |    16 |    78 ||    94
Dodge: Dodged            |    44 |    79 |   148 ||   271
Block: Other             |    16 |    25 |     3 ||    44
       Reflection        |       |     1 |       ||     1
       Rpst.: Falchion   |    10 |    23 |    14 ||    47

Table legend:
 A = Spawn XP
 B = Non-spawn XP
 C = Spawn XP percentage of total XP
 D = Spawn monster count
 E = Non-spawn monster count
 F = Spawn count percentage of total count
 G = Total turns spent on level
                    A         B        C        D         E        F      G
               +---------+---------+-------+---------+---------+-------+---------
         Total |       0 |    3075 |   0.0 |       0 |     177 |   0.0 |  6299
               +---------+---------+-------+---------+---------+-------+---------
           D:1 |       0 |      37 |   0.0 |       0 |      24 |   0.0 |  1016
           D:2 |       0 |     213 |   0.0 |       0 |      39 |   0.0 |  1106
           D:3 |       0 |     166 |   0.0 |       0 |      38 |   0.0 |   944
           D:4 |       0 |     518 |   0.0 |       0 |      22 |   0.0 |   978
           D:5 |       0 |     890 |   0.0 |       0 |      20 |   0.0 |  1051
           D:6 |       0 |     846 |   0.0 |       0 |      20 |   0.0 |   950
           D:7 |       0 |     405 |   0.0 |       0 |      14 |   0.0 |   254
               +---------+---------+-------+---------+---------+-------+---------
